 Dungeon Crawl Stone Soup version 0.29.1-15-g9cfb28693d (webtiles) character file.

Game seed: 8998958037313716471

128 raph the Sneak (level 5, 0/30 HPs)
             Began as a Kobold Brigand on Apr 26, 2023.
             Slain by Grinder (6 damage)
             ... while paralysed by Grinder
             ... on level 3 of the Dungeon.
             The game lasted 00:04:54 (3569 turns).

raph the Sneak (Kobold Brigand)                     Turns: 3569, Time: 00:04:54

Health: 0/30       AC:  5    Str:  8    XL:     5   Next: 34%
Magic:  5/5        EV:  3    Int: 13    God:
Gold:   76         SH:  0    Dex: 18    Spells: 4/4 levels left

rFire   . . .      SeeInvis .   a - +3 dagger
rCold   . . .      Faith    .   (no shield)
rNeg    . . .      Spirit   .   j - +0 robe
rPois   .          Reflect  .   (no helmet)
rElec   .          Harm     .   k - +0 cloak
rCorr   .          Rampage  .   m - +0 pair of gloves
Will    .....                   g - +0 pair of boots
Stlth   +++++.....              (no amulet)
HPRegen 0.10/turn               (no ring)
MPRegen 0.09/turn               (no ring)

@: paralysed
A: small, no large weapons, nightstalker 3
a: no special abilities


You were on level 3 of the Dungeon.
You visited 1 branch of the dungeon, and saw 3 of its levels.

You collected 76 gold pieces.

Inventory:

Hand Weapons
 a - a +3 dagger (weapon)
 b - a +0 sling
Missiles
 d - 9 poisoned darts (quivered)
 e - 3 curare-tipped darts
Armour
 c - a +0 cloak
 g - a +0 pair of boots (worn)
 j - a +0 robe (worn)
 k - a +0 cloak (worn)
 m - a +0 pair of gloves (worn)
Jewellery
 i - a +6 ring of intelligence
Scrolls
 l - a scroll of poison {unknown}
Potions
 f - a potion of magic
 h - 3 potions of curing
 n - a potion of resistance {unknown}
 o - 3 potions of attraction


   Skills:
 - Level 2.1 Fighting
 + Level 5.1 Short Blades
 - Level 2.1 Throwing
 - Level 1.2 Dodging
 + Level 7.2 Stealth


You had 4 spell levels left.
You didn't know any spells.
Your spell library contained the following spells:

 Spells                   Type           Power      Damage    Failure   Level
 Ensorcelled Hibernation  Hex/Ice        0%         N/A       43%         2
 Passwall                 Tmut/Erth      0%         N/A       43%         2
 Swiftness                Air            0%         N/A       67%         3


Dungeon Overview and Level Annotations

Branches:
Dungeon (3/15)

Altars:

Annotations:
D:3 Grinder


Innate Abilities, Weirdness & Mutations

You are small and have problems with some larger weapons.
You are completely attuned to the shadows.


Message History

You closely miss the hobgoblin. You completely miss the hobgoblin.
You punch the hobgoblin, but do no damage.
Grinder comes into view.
The hobgoblin misses you.
An orc comes into view. It is wielding a +0 trident.
You hit the hobgoblin.
The hobgoblin is heavily wounded.
Grinder says, "Just stop there for a second..."
The hobgoblin barely misses you.
You barely miss the hobgoblin.
The hobgoblin is heavily wounded.
The hobgoblin hits you but does no damage.
You hit the hobgoblin but do no damage.
The hobgoblin is heavily wounded.
The hobgoblin closely misses you. The orc barely misses you.
You hit the hobgoblin.
You kill the hobgoblin!
You hit Grinder but do no damage. Grinder hits you.
You writhe in agony.
The orc barely misses you.
An orc comes into view. It is wielding a +0 dagger.
You closely miss Grinder. Grinder closely misses you.
An orc comes into view. It is wielding a +0 whip of pain.
The orc barely misses you. Grinder attacks as you move away!
Grinder misses you. Grinder attacks as you move away!
Grinder barely misses you.
There is an open door here.
Grinder attacks as you move away! Grinder hits you.
You writhe in agony.
Grinder attacks as you move away! Grinder closely misses you.
Grinder gestures at you.
You suddenly lose the ability to move!
Grinder hits you but does no damage.
The orc hits you from afar with a +0 trident.
* * * LOW HITPOINT WARNING * * *
Grinder gestures at you.
You shrug off the repeated paralysis!
The orc hits you from afar with a +0 trident.
* * * LOW HITPOINT WARNING * * *
Grinder hits you.
You die...

.o.........#
...†.......# ###
...........# #.#
...........#######.#
.......o...........#
.
..........########.#
.. ########'##
##.#.#
#o########....#
#.5@...<....###
#############


You could see Grinder and an orc.

Vanquished Creatures
  4 gnolls (D:2)
  2 adders (D:2)
  A worm (D:2)
  2 dart slugs (D:1)
  An orc (D:2)
  4 endoplasms
  A giant cockroach (D:2)
  5 goblins
  6 hobgoblins
  8 jackals
  3 kobolds
  5 quokkas
  6 ball pythons
  4 bats
  A frilled lizard (D:1)
  6 rats
59 creatures vanquished.

Notes
Turn   | Place    | Note
-------+----------+-------------------------------------------
     0 | D:1      | raph the Kobold Brigand began the quest for the Orb.
     0 | D:1      | Reached XP level 1. HP: 12/12 MP: 1/1
   243 | D:1      | Reached XP level 2. HP: 17/17 MP: 2/2
   578 | D:1      | Reached skill level 6 in Stealth
   578 | D:1      | Reached XP level 3. HP: 16/21 MP: 3/3
  1840 | D:2      | Reached XP level 4. HP: 26/26 MP: 4/4
  2455 | D:2      | Reached skill level 7 in Stealth
  2455 | D:2      | Reached XP level 5. HP: 26/30 MP: 5/5
  2980 | D:2      | Reached skill level 5 in Short Blades
  3552 | D:3      | Noticed Grinder
  3565 | D:3      | Paralysed by Grinder for 5 turns
  3569 | D:3      | Slain by Grinder

Illustrated notes

Levels and vault maps discovered:
D:1:      heliophobic_arrival_dark_side_of_the_moon, layout_basic,
          minmay_ruptured
D:2:      layout_basic, minmay_heptomino_d4
D:3:      layout_basic, nicolae_overflow_quartered_altars,
          hellmonk_ecumenical_altar_heavens_door, guppyfry_early_lair_pool,
          uniq_ijyb, uniq_terence, uniq_grinder, uniq_jessica

Skill      XL: |  1  2  3  4  5 |
---------------+----------------+-----
Short Blades   | 3 4 5 |  5.1
Stealth        | 6 7 |  7.2
Fighting       | |  2.1
Throwing       | |  2.1
Dodging        | |  1.2

Action                   |  1- 3 |  4- 6 || total
-------------------------+-------+-------++-------
Melee: Dagger            |    90 |    74 ||   164
       Punch             |       |     1 ||     1
Throw: Dart              |       |    14 ||    14
  Use: Scroll            |     7 |     4 ||    11
 Stab: Sleeping          |    15 |    13 ||    28
Armor: Robe              |    11 |     6 ||    17
Dodge: Dodged            |    52 |    44 ||    96
